 Dungeon Crawl Stone Soup version 0.17.2-1-ge4368a0 (webtiles) character file.

132 rlgrobin the Insei (level 4, 0/35 HPs)
             Began as a Mummy Monk on May 1, 2017.
             Slain by a kobold (4 damage)
             ... on level 2 of the Dungeon.
             The game lasted 00:03:01 (2638 turns).

rlgrobin the Insei (Mummy Monk)                     Turns: 2638, Time: 00:03:02

Health: 0/35       AC:  0    Str: 14    XL:     4   Next: 92%
Magic:  4/4        EV: 13    Int:  9    God:
Gold:   108        SH:  0    Dex: 15    Spells: 0 memorised, 3 levels left

rFire  x . .     SeeInvis .       - Unarmed
rCold  + . .     Clarity  .     (no armour)
rNeg   + + +     SustAt   .     (no shield)
rPois  ∞         Gourm    .     (no helmet)
rElec  .         Spirit   .     (no cloak)
rCorr  .         Warding  .     (no gloves)
rMut   .         Stasis   .     (no boots)
MR     .....                    (no amulet)
Stlth  ++........               (no ring)
                                (no ring)

@: not resistant to hostile enchantments, unstealthy
A: no food or potions, fire vulnerability, cold resistance 1, negative energy
resistance 3, torment resistance, unbreathing
a: no special abilities


You were on level 2 of the Dungeon.
You were not hungry.

You visited 1 branch of the dungeon, and saw 2 of its levels.

You collected 108 gold pieces.


Innate Abilities, Weirdness & Mutations

You do not eat or drink.
Your flesh is vulnerable to fire.
You are immune to poison.
Your flesh is cold resistant.
You are immune to negative energy.
You are immune to unholy pain and torment.
You can survive without breathing.


   Skills:
 + Level 3.2 Fighting
 - Level 2.4 Dodging
 - Level 1.5 Stealth
 - Level 5.1 Unarmed Combat


You had 3 spell levels left.
You didn't know any spells.

Inventory:

Jewellery
 c - an uncursed amulet of regeneration {unknown}
Scrolls
 a - a scroll of fear
 d - a scroll of fog {unknown}
 f - a scroll of blinking {unknown}

Dungeon Overview and Level Annotations

Branches:
Dungeon (2/15)

Altars:
Cheibriados
Qazlal
Yredelemnul

≈≈≈≈≈≈.▒▒▒▒▒▒.......▒▒▒▒▒▒...
≈≈≈≈≈...▒ ▒▒▒▒▒...▒ ▒....
........▒▒▒ ▒...▒ ▒.▒▒▒
....?.....▒▒▒▒▒▒▒...▒ ▒....
........▒...)...▒...▒ ▒▒▒▒▒▒▒
≈≈≈≈≈...▒▒▒.▒▒▒.▒▒▒.▒ ▒......
≈≈≈≈≈≈.▒▒ ▒.▒ ▒..K..▒ ▒.▒▒▒▒▒
▒▒▒▒▒▒▒ ▒.▒▒▒▒▒▒▒.▒▒▒.▒
▒.MK.[...>....▒
▒▒▒▒▒▒▒▒▒▒▒▒▒▒▒


You could see a kobold.


Message History

The kobold barely misses you!
Items here: ) ††† a whip; a kobold corpse; a bat corpse; a kobold corpse You see here a scale mail!
Items here: ) ††† a whip; a kobold corpse; a bat corpse; a kobold corpse The kobold barely misses you!
You see here a scale mail!
You barely miss the kobold! The kobold hits you! * * * don't die
* * * You take 2 damage, and have 6/35 hp!
You barely miss the kobold! The kobold hits you! * * * don't die
* * * You take 1 damage, and have 5/35 hp!
You pulverise the kobold!
You annihilate the kobold!!!
You swing at nothing!
You barely miss the kobold! The kobold closely misses you!
You pulverise the kobold!
The kobold is almost dead!
The kobold hits you! * * * don't die
* * * You take 1 damage, and have 4/35 hp!
You barely miss the kobold!
The kobold is almost dead!
The kobold misses you!
You closely miss the kobold!
The kobold is almost dead!
The kobold hits you! rip

Action                   |  1- 3 |  4- 6 || total
-------------------------+-------+-------++-------
Melee: Unarmed           |   161 |    97 ||   258
  Use: Scroll            |       |     3 ||     3
 Stab: Sleeping          |     2 |     1 ||     3

Vault maps used:
D:1:      matt_arrival_spirals
D:2:      minmay_kobold_bridge, overflow_temple_1_default,
          amethyst_overflow_temple_binary, first_bread

Notes
Turn   | Place    | Note
--------------------------------------------------------------
     0 | D:1      | rlgrobin the Mummy Monk began the quest for the Orb.
     0 | D:1      | Reached XP level 1. HP: 18/18 MP: 1/1
   213 | D:1      | Reached XP level 2. HP: 14/24 MP: 2/2
   662 | D:1      | Reached skill level 4 in Unarmed Combat
   662 | D:1      | Reached XP level 3. HP: 15/29 MP: 3/3
  1816 | D:2      | Reached XP level 4. HP: 30/35 MP: 4/4
  1820 | D:2      | wo
  2257 | D:2      | Found a basalt altar of Yredelemnul.
  2263 | D:2      | Found a snail-covered altar of Cheibriados.
  2289 | D:2      | Found a stormy altar of Qazlal.
  2311 | D:2      | Reached skill level 5 in Unarmed Combat
  2559 | D:2      | HP: 2/35 [kobold (3)]
  2591 | D:2      | HP: 3/35 [kobold (2)]
  2638 | D:2      | Slain by a kobold

Vanquished Creatures
  A hound (D:2)
  A gnoll (D:1)
  3 adders (D:2)
  2 worms (D:2)
  9 bats
  4 giant cockroaches
  3 goblins
  6 hobgoblins
  8 jackals
  A ball python (D:1)
  2 giant newts
  9 kobolds
  5 rats
54 creatures vanquished.
